 Dungeon Crawl Stone Soup version 0.19.0-11-g3fc08b3 (webtiles) character file.

3852 Monsterracer the Severer (level 9, -5/109 HPs)
             Began as a Minotaur Berserker on Nov 7, 2016.
             Was a High Priest of Trog.
             Killed from afar by an electric eel (8 damage)
             ... with a bolt of electricity
             ... on level 8 of the Dungeon on Nov 8, 2016.
             The game lasted 00:22:28 (8290 turns).

Monsterracer the Severer (Minotaur Berserker)       Turns: 8290, Time: 00:22:28

Health: -5/109     AC: 13    Str: 26    XL:     9   Next: 99%
Magic:  8/8        EV:  9    Int:  4    God:    Trog [*****.]
Gold:   275        SH:  0    Dex: 14    Spells: 0 memorised, 8 levels left

rFire  . . .     SeeInvis .     s - +0 battleaxe
rCold  + . .     Gourm    .     q - +1 chain mail
rNeg   . . .     Faith    .     (shield currently unavailable)
rPois  .         Spirit   .     (helmet unavailable)
rElec  .         Reflect  .     (no cloak)
rCorr  .         Harm     .     (no gloves)
MR     .....                    u - +0 pair of boots
Stlth  ..........               (no amulet)
                                l - ring of protection from cold (curse)
                                p - +2 ring of protection

@: berserking, very quick
A: retaliatory headbutt, horns 3
a: Berserk, Trog's Hand, Brothers in Arms, Burn Spellbooks, Renounce Religion


You were on level 8 of the Dungeon.
You worshipped Trog.
Trog was extremely pleased with you.
You were hungry.

You visited 1 branch of the dungeon, and saw 8 of its levels.

You collected 395 gold pieces.
You spent 120 gold pieces at shops.

Inventory:

Hand Weapons
 s - a +0 battleaxe (weapon)
Armour
 b - a +2 hat
 q - a +1 chain mail (worn)
 u - a +0 pair of boots (worn)
Jewellery
 d - an uncursed ring of flight
 h - an uncursed ring of teleportation
 i - an uncursed ring of positive energy
 l - a cursed ring of protection from cold (right hand)
 p - a +2 ring of protection (left hand)
 w - an uncursed ring of protection from magic
Wands
 r - a wand of disintegration (11/24)
Scrolls
 a - 7 scrolls of enchant armour
 e - a scroll of recharging
 g - a scroll of remove curse
 j - a scroll of teleportation
 k - 3 scrolls of identify
Potions
 n - a potion of curing
 t - a potion of cancellation
Comestibles
 c - 6 bread rations
 f - 3 fruits
 m - a royal jelly
 o - 4 meat rations
 x - 8 slices of pizza


   Skills:
 + Level 4.8 Fighting
 * Level 15.8 Axes
 + Level 3.9 Armour
 - Level 2.1 Dodging


You had 8 spell levels left.
You didn't know any spells.

Dungeon Overview and Level Annotations

Branches:
Dungeon (8/15)             Temple (0/1) D:6
   Lair: D:8-11

Altars:
Cheibriados
Dithmenos
Elyvilon
Nemelex Xobeh
Okawaru
Qazlal
Ru
Sif Muna
Uskayaw
Vehumet
The Shining One

Shops:
D:8 *


Innate Abilities, Weirdness & Mutations

You reflexively headbutt those who attack you in melee.
You have a pair of large horns on your head.


Message History

The electric eel is heavily wounded.
You hit the plant but do no damage.
The electric eel shoots out a bolt of lightning at you!
The bolt of electricity hits you!
* * * LOW HITPOINT WARNING * * *
The electric eel shoots out a bolt of lightning at you!
The bolt of electricity hits the electric eel.
The electric eel completely resists.
The bolt of electricity hits you!
* * * LOW HITPOINT WARNING * * *
A red film seems to cover your vision as you go berserk!
You feel yourself moving faster!
You feel mighty!
You are feeling hungry.
The electric eel shoots out a bolt of lightning at you!
The bolt of electricity hits the electric eel.
The electric eel completely resists.
The bolt of electricity hits you!
* * * LOW HITPOINT WARNING * * *
The electric eel shoots out a bolt of lightning at you!
The bolt of electricity hits the electric eel.
The electric eel completely resists.
The bolt of electricity hits you!
You die...

.## #..###### #.#.#.# #.#
#. ## #..'...≈##
.......###.###. #
##.#####≈######.#.##...##)
###;;;##≈≈...##.....#...)
#≈≈.≈≈######.##.##...##)
#().)[##≈≈≈##≈#.###.####
#≈≈P≈≈#;;$≈≈#≈# #.# #
#PP..P#;?.$≈#≈# ##.#
######## #.....#@P≈..#≈#
#..# ....<..# #...PP#.#
#.## ######.# #.....#.#
#.# #.# ..### #.....#.#
#.# #.#
#...≈≈##'..##.####.#####
#.# #≈..####≈##.........
#.# ###...≈≈##..##.#####
##.## ###########.#.#
##^=.## #.#[######....###


You could see 3 electric eels.

Vanquished Creatures
  A two-headed ogre (D:8)
  Sigmund (D:2)
  A spriggan (D:8)
  Menkaure (D:5)
  Edmund (D:5)
  A water moccasin (D:8)
  A black bear (D:6)
  A sky beast (D:5)
  4 ogres
  3 phantoms
  A necrophage (D:7)
  3 centaurs
  4 bullfrogs
  5 killer bees (D:8)
  A scorpion (D:8)
  3 howler monkeys (D:8)
  10 wights (D:8)
  3 crimson imps
  A centaur zombie (D:6)
  A quasit (D:5)
  A hound (D:7)
  2 centaur skeletons
  2 orc priests
  4 orc wizards
  3 iguanas
  3 worker ants
  2 hound zombies
  Robin (D:3)
  8 adders
  A shadow imp (D:7)
  An ooze (D:5)
  An adder zombie (D:6)
  A worm (D:2)
  3 dart slugs
  A leopard gecko (D:3)
  22 orcs
  3 ball pythons
  8 bats
  3 giant cockroaches
  11 goblins
  10 hobgoblins
  18 jackals
  5 quokkas
  6 frilled lizards
  6 kobolds
  A leopard gecko zombie (D:8)
  A quokka skeleton (D:5)
  A quokka zombie (D:6)
  5 rats
181 creatures vanquished.

Notes
Turn   | Place    | Note
-------+----------+-------------------------------------------
     0 | D:1      | Monsterracer the Minotaur Berserker began the quest for the Orb.
     0 | D:1      | Reached XP level 1. HP: 19/19 MP: 0/0
   123 | D:1      | Reached skill level 4 in Axes
   213 | D:1      | Reached XP level 2. HP: 20/26 MP: 1/1
  1026 | D:2      | Reached skill level 5 in Axes
  1069 | D:2      | Reached XP level 3. HP: 29/31 MP: 2/2
  1149 | D:2      | Noticed Sigmund
  1162 | D:2      | Killed Sigmund
  1162 | D:2      | Reached skill level 7 in Axes
  1162 | D:2      | Reached XP level 4. HP: 31/39 MP: 3/3
  1162 | D:2      | Reached XP level 5. HP: 36/45 MP: 4/4
  1207 | D:2      | Found a deep blue altar of Sif Muna.
  1406 | D:2      | Reached ** piety under Trog
  2066 | D:3      | Noticed Robin
  2073 | D:3      | Reached skill level 8 in Axes
  2079 | D:3      | Killed Robin
  2082 | D:3      | Reached XP level 6. HP: 51/51 MP: 5/5
  2158 | D:3      | Found a radiant altar of Vehumet.
  2333 | D:3      | Reached *** piety under Trog
  3313 | D:4      | Upgraded the game from 0.19.0-9-gfd783f2 to 0.19.0-11-g3fc08b3
  3327 | D:4      | Reached skill level 9 in Axes
  3636 | D:4      | Reached XP level 7. HP: 57/57 MP: 6/6
  3912 | D:5      | Entered Level 5 of the Dungeon
  3951 | D:5      | Reached skill level 10 in Axes
  4021 | D:5      | Reached **** piety under Trog
  4170 | D:5      | Noticed Edmund
  4171 | D:5      | Noticed Menkaure
  4180 | D:5      | Killed Menkaure
  4180 | D:5      | Reached skill level 11 in Axes
  4185 | D:5      | Killed Edmund
  4273 | D:5      | Reached XP level 8. HP: 18/64 MP: 7/7
  4609 | D:5      | Found a sparkling altar of Nemelex Xobeh.
  4966 | D:5      | Found a shadowy altar of Dithmenos.
  4967 | D:5      | Found a snail-covered altar of Cheibriados.
  4967 | D:5      | Found a glowing golden altar of the Shining One.
  4968 | D:5      | Found a sacrificial altar of Ru.
  5164 | D:6      | Found a staircase to the Ecumenical Temple.
  5181 | D:6      | Reached skill level 12 in Axes
  5248 | D:6      | Found a hide-covered altar of Uskayaw.
  5298 | D:6      | Gained mutation: You have a pair of large horns on your head. [potion of beneficial mutation]
  5636 | D:6      | Reached skill level 13 in Axes
  6018 | D:7      | Found a white marble altar of Elyvilon.
  6072 | D:7      | Reached XP level 9. HP: 67/70 MP: 8/8
  6234 | D:7      | Found a stormy altar of Qazlal.
  6478 | D:7      | Found an iron altar of Okawaru.
  6875 | D:7      | Reached skill level 14 in Axes
  6926 | D:8      | Found Odeaniu's Assorted Antiques.
  6930 | D:8      | Bought an agate ring for 120 gold pieces
  7413 | D:8      | Reached skill level 15 in Axes
  7496 | D:8      | Reached ***** piety under Trog
  8290 | D:8      | HP: 3/109 [electric eel/bolt of electricity (10)]
  8290 | D:8      | Killed from afar by an electric eel

Skill      XL: |  1  2  3  4  5  6  7  8  9 |
---------------+----------------------------+-----
Axes           | 4 5 7 8 9 11 13 15 | 15.8
Fighting       | 4 |  4.8
Armour         | 3 |  3.9
Dodging        | |  2.1

Action                   |  1- 3 |  4- 6 |  7- 9 || total
-------------------------+-------+-------+-------++-------
Melee: Hand axe          |    63 |   134 |    68 ||   265
       Headbutt          |     6 |    18 |    47 ||    71
       War axe           |       |       |    96 ||    96
       Battleaxe         |       |       |    99 ||    99
Invok: Berserk           |     1 |     2 |     7 ||    10
       Burn Spellbooks   |       |       |     2 ||     2
  Use: Potion            |     1 |     4 |     5 ||    10
       Scroll            |       |       |    10 ||    10
 Stab: Sleeping          |     2 |     2 |       ||     4
  Eat: Chunk             |     1 |     9 |    14 ||    24
       Bread ration      |       |       |     1 ||     1
       Beef jerky        |       |       |     1 ||     1
       Pizza             |       |       |     1 ||     1
Armor: Animal skin       |    12 |    21 |       ||    33
       Leather armour    |       |       |    25 ||    25
       Chain mail        |       |       |    65 ||    65
Dodge: Dodged            |    45 |    72 |    90 ||   207
